 Dungeon Sprint DCSS version 0.16-a0-44-gd96af6c (webtiles) character file.

3487 BluebellGnoll the Unseen (level 9, -11/52 HPs)
             Began as a Spriggan Hunter on Aug 5, 2014.
             Was an Elder of Okawaru.
             Mangled by an eight-headed hydra (14 damage)
             ... in the Dungeon (Sprint IX: "|||||||||||||||||||||||||||||").
             The game lasted 00:12:22 (1647 turns).

BluebellGnoll the Unseen (Spriggan Hunter)          Turns: 1647, Time: 00:12:25

HP -11/52        AC  2     Str 14      XL: 9   Next: 80%
MP  18/18        EV 32     Int 15      God: Okawaru [****..]
Gold 15          SH  0     Dex 17      Spells:  0 memorised,  8 levels left

rFire  . . .     SeeInvis +     o - +2 cutlass (venom)
rCold  . . .     Clarity  .     d - +0 animal skin
rNeg   . . .     rCorr    .     (shield restricted)
rPois  .         rRot     .     (helmet restricted)
rElec  .         Spirit   .     (no cloak)
SustAb .         Warding  .     (gloves unavailable)
rMut   .         NoTele   +     (boots unavailable)
Gourm  .                        (no amulet)
MR     +....                    q - +3 ring of strength
                                p - +3 ring of strength

@: heroism, very slightly contaminated, invisible, very quick, somewhat
resistant to hostile enchantments, incredibly stealthy
A: unfitting armour, see invisible, herbivore 3, speed 3, slow metabolism 2
a: Heroism, Renounce Religion


You were in the Dungeon.
You worshipped Okawaru.
Okawaru was greatly pleased with you.
You were not hungry.

You visited 1 branch You collected 15 gold pieces.

Inventory:

Hand weapons
 a - a +0 short sword
 o - a +2 cutlass of venom (weapon)
Missiles
 b - 4 needles of frenzy
 c - 6 needles of sleeping
Armour
 d - a +0 animal skin (worn)
Magical devices
 n - a wand of fire (2)
Scrolls
 k - 3 scrolls of blinking
 l - 4 scrolls of remove curse
 m - 2 scrolls of amnesia
 v - 4 scrolls of enchant weapon
 w - a scroll of fog
Jewellery
 p - a +3 ring of strength (left hand)
 q - a +3 ring of strength (right hand)
Potions
 e - a potion of porridge
 f - 6 potions of curing
 g - 9 potions of heal wounds
 i - 4 potions of magic
 j - a potion of berserk rage
 u - a potion of restore abilities
Magical staves
 s - an uncursed staff of energy
Miscellaneous
 t - a phial of floods (inert)


   Skills:
 - Level 8.5(13.5) Fighting
 - Level 11.5(16.5) Short Blades
 - Level 13.0(18.0) Throwing
 + Level 12.0(17.0) Dodging
 - Level 15.6(20.6) Stealth


You had 8 spell levels left.
You didn't know any spells.

Dungeon Overview and Level Annotations

Branches:
Dungeon (1/1)

Altars:
Cheibriados
Dithmenos
Elyvilon
Fedhas
Gozag
Kikubaaqudgha
Makhleb
Nemelex Xobeh
Okawaru
Qazlal
Sif Muna
Trog
Vehumet
Xom
Yredelemnul
Zin
The Shining One
Beogh
Jiyva
Lugonu


Innate Abilities, Weirdness & Mutations

You are tiny and cannot use many weapons and most armour.
You have supernaturally acute eyesight.
You are a herbivore.
You cover ground extremely quickly.
You need consume almost no food.


Message History

Your water elemental engulfs the eight-headed hydra in water!
You barely miss the eight-headed hydra.
The eight-headed hydra is almost dead.
The eight-headed hydra bites your water elemental.
The eight-headed hydra closely misses your water elemental.
The eight-headed hydra bites your water elemental!
The eight-headed hydra bites your water elemental. x2
The eight-headed hydra closely misses your water elemental.
The eight-headed hydra bites your water elemental. x2
You hit the eight-headed hydra but do no damage.
The eight-headed hydra is almost dead.
Your water elemental barely misses the eight-headed hydra.
You hit the eight-headed hydra.
The eight-headed hydra is almost dead.
The eight-headed hydra misses you.
The eight-headed hydra completely misses you.
The eight-headed hydra bites you!
* * * LOW HITPOINT WARNING * * *
The eight-headed hydra bites you!
You die...

▓▓▓▓▓▓▓▓▓▓▓▓▓▓▓▓▓▓▓▓▓▓▓▓
FS..S.S.'.....%....S..'.
▓▓▓▓▓▓▓▓▓▓▓▓▓▓▓▓▓▓▓▓▓▓▓▓▓▓▓▓▓▓▓▓▓
................@DE≈((≈.(...((...
▓▓▓▓▓▓▓▓▓▓▓▓▓▓▓▓▓▓▓▓▓▓▓▓▓▓▓▓▓▓▓▓▓
____________________'...))'....)'
▓▓▓▓▓▓▓▓▓▓▓▓▓▓▓▓▓▓▓▓▓▓▓▓▓▓▓▓▓▓▓▓▓


You could see an eight-headed hydra and a friendly water elemental.

Vanquished Creatures
  A hydra (D)
  A tengu warrior (D)
  A hill giant (D)
  A spiny frog (D)
  A troll (D)
  3 hippogriffs (D)
  A vampire mosquito (D)
  4 water moccasins (D)
  An ogre (D)
  An ice beast (D)
  A giant frog (D)
  A hound (D)
  A worker ant (D)
  A giant gecko (D)
  An orc (D)
  2 bats (D)
  A giant cockroach (D)
  3 goblins (D)
  A goblin skeleton (D)
  3 kobolds (D)
30 creatures vanquished.

Vanquished Creatures (others)
  A water elemental (D)
1 creature vanquished.

Grand Total: 31 creatures vanquished

Notes
Turn   | Place    | Note
--------------------------------------------------------------
     0 | D        | BluebellGnoll, the Spriggan Hunter, began the quest for the Orb.
     0 | D        | Reached XP level 1. HP: 10/10 MP: 2/2
    23 | D        | Reached skill level 5 in Stealth
   185 | D        | Noticed a hound
   194 | D        | Reached XP level 2. HP: 14/14 MP: 4/4
   205 | D        | Killed a hound
   205 | D        | Reached skill level 6 in Short Blades
   205 | D        | Reached XP level 3. HP: 18/18 MP: 6/6
   212 | D        | Found a glowing silver altar of Zin.
   212 | D        | Found a glowing golden altar of the Shining One.
   212 | D        | Found an ancient bone altar of Kikubaaqudgha.
   212 | D        | Found a basalt altar of Yredelemnul.
   212 | D        | Found a shimmering altar of Xom.
   212 | D        | Found a radiant altar of Vehumet.
   212 | D        | Found an iron altar of Okawaru.
   213 | D        | Found a burning altar of Makhleb.
   214 | D        | Found a deep blue altar of Sif Muna.
   215 | D        | Found a bloodstained altar of Trog.
   216 | D        | Found a sparkling altar of Nemelex Xobeh.
   217 | D        | Found a white marble altar of Elyvilon.
   218 | D        | Found a roughly hewn altar of Beogh.
   219 | D        | Found a viscous altar of Jiyva.
   220 | D        | Found a corrupted altar of Lugonu.
   221 | D        | Became a worshipper of Warmaster Okawaru
   247 | D        | Found a blossoming altar of Fedhas.
   248 | D        | Found a snail-covered altar of Cheibriados.
   249 | D        | Found a shadowy altar of Dithmenos.
   250 | D        | Found a stormy altar of Qazlal.
   251 | D        | Found an opulent altar of Gozag.
   279 | D        | Noticed a worker ant
   279 | D        | Noticed a giant frog
   279 | D        | Noticed an ogre
   279 | D        | Noticed an ice beast
   279 | D        | Noticed a troll
   317 | D        | Killed a troll
   317 | D        | Acquired Okawaru's first power
   317 | D        | Reached skill level 15 in Stealth
   317 | D        | Reached XP level 4. HP: 22/22 MP: 8/8
   317 | D        | Reached XP level 5. HP: 25/25 MP: 10/10
   321 | D        | Killed an ice beast
   321 | D        | Reached XP level 6. HP: 30/30 MP: 12/12
   322 | D        | Killed a worker ant
   324 | D        | Killed a giant frog
   338 | D        | Killed an ogre
   338 | D        | Reached XP level 7. HP: 6/33 MP: 14/14
   595 | D        | Noticed a hill giant
   595 | D        | Noticed a hippogriff
   595 | D        | Noticed a vampire mosquito
   595 | D        | Noticed a tengu warrior
   636 | D        | Killed a vampire mosquito
   644 | D        | Killed a tengu warrior
   644 | D        | Reached skill level 10 in Short Blades
   644 | D        | Reached skill level 10 in Throwing
   644 | D        | Reached XP level 8. HP: 10/37 MP: 16/16
   662 | D        | Killed a hippogriff
   698 | D        | Killed a hill giant
   698 | D        | Received a gift from Okawaru
   945 | D        | Noticed a water moccasin
   945 | D        | Noticed a water moccasin
   945 | D        | Noticed a water moccasin
   945 | D        | Noticed a water moccasin
   945 | D        | Noticed a five-headed hydra
   945 | D        | Noticed a hippogriff
   945 | D        | Noticed a hippogriff
   946 | D        | Noticed a spiny frog
   962 | D        | Killed a hippogriff
   962 | D        | Reached XP level 9. HP: 38/44 MP: 16/18
   988 | D        | Killed a hippogriff
   998 | D        | Killed a five-headed hydra
  1002 | D        | Killed a water moccasin
  1008 | D        | Killed a water moccasin
  1018 | D        | Killed a water moccasin
  1018 | D        | Reached skill level 10 in Dodging
  1036 | D        | Killed a water moccasin
  1040 | D        | Received a gift from Okawaru
  1319 | D        | Killed a spiny frog
  1384 | D        | Noticed a five-headed hydra
  1647 | D        | Mangled by an eight-headed hydra

Action                   |  1- 3 |  4- 6 |  7- 9 || total
-------------------------+-------+-------+-------++-------
Melee: Short sword       |    34 |    11 |       ||    45
       Cutlass           |       |     2 |    72 ||    74
Throw: Tomahawk          |    16 |       |    30 ||    46
       Throwing net      |     1 |     1 |     3 ||     5
Invok: Heroism           |       |       |     7 ||     7
Evoke: Wand              |       |     3 |     2 ||     5
       Phial of floods   |       |       |     2 ||     2
  Use: Potion            |     1 |       |     2 ||     3
 Stab: Sleeping          |     1 |       |     1 ||     2
       Held in net/web   |     1 |       |       ||     1
